 Dungeon Crawl Stone Soup version 0.28-a0-643-g84cb2ea78e (webtiles) character file.

Game seed: 15452571382374292232

212 Irenicus the Geomancer (level 5, -12/42 HPs)
             Began as a Deep Dwarf Earth Elementalist on Oct 10, 2021.
             Mangled by an ogre (22 damage)
             ... on level 3 of the Dungeon.
             The game lasted 00:08:10 (1226 turns).

Irenicus the Geomancer (DDEE)                       Turns: 1226, Time: 00:08:11

Health: -12/42     AC:  8    Str: 11    XL:     5   Next: 58%
Magic:  5/7        EV: 11    Int: 17    God:
Gold:   98         SH:  0    Dex: 13    Spells: 4/7 levels left

rFire   . . .      SeeInvis .   e - +0 dagger
rCold   . . .      Faith    .   (no shield)
rNeg    . . .      Spirit   .   j - +0 leather armour
rPois   .          Reflect  .   (no helmet)
rElec   .          Harm     .   (no cloak)
rCorr   .          Rampage  .   f - +0 pair of gloves
Will    .....                   (no boots)
Stlth   ++........              (no amulet)
HPRegen 0.00/turn               T - +4 ring of protection
MPRegen 0.10/turn               (no ring)

@: no status effects
A: damage resistance, heal wounds, sense surroundings 1, no regeneration
a: Heal Wounds


You were on level 3 of the Dungeon.
You visited 1 branch of the dungeon, and saw 3 of its levels.

You collected 98 gold pieces.


Innate Abilities, Weirdness & Mutations

You are resistant to damage.
You can heal yourself by infusing magical energy.
You passively map a small area around you.
You do not regenerate.


   Skills:
 - Level 2.1 Dodging
 - Level 2.4 Stealth
 - Level 1.7 Spellcasting
 - Level 0.8 Transmutations
 + Level 8.4 Earth Magic


You had 4 spell levels left.
You knew the following spells:

 Your Spells              Type           Power      Damage    Failure   Level
w - Passwall              Tmut/Erth      14%        N/A       6%          2
z - Sandblast             Erth           60%        2d14      1%          1

Your spell library contained the following spells:

 Spells                   Type           Power      Damage    Failure   Level
 Stone Arrow              Conj/Erth      30%        3d8       14%         3
 Petrify                  Tmut/Erth      17%        N/A       36%         4

Inventory:

Hand Weapons
 e - a +0 dagger (weapon)
Missiles
 c - 58 stones
 h - 2 curare-tipped darts {=f}
Armour
 f - a +0 pair of gloves (worn)
 j - a +0 leather armour (worn)
Jewellery
 T - a +4 ring of protection (left hand)
Wands
 i - a wand of digging (3)
Scrolls
 a - 3 scrolls of immolation {unknown}
 b - a scroll of fear {unknown}
 d - 2 scrolls of identify {unknown}
 g - a scroll of magic mapping {unknown}

Dungeon Overview and Level Annotations

Branches:
Dungeon (3/15)

Altars:

#,#. ..# ##.#*#.## #
#.#.#* #.# #.# ##.##. ,
##....#####.####.# #.#..
.................##
##.'.. ,*
#......###.#####.###.##..
* ###.##.# #.# ##...####.
, , #,*#.# #.# ###.### #
#.##.###.# #....# * *
#....O@..# #.#..#
####.##### #.#..# * #.#
#.#..###### #.#
#.#........ , #.#
#.##.###### #.# #....# #
#.# ###### # ** * * #.# ,


You could see an ogre.


Message History

An endoplasm comes into view.
Casting: Sandblast (safe; 1% risk of failure)
Confirm with . or Enter, or press ? or * to list all spells.
Aiming: Sandblast (safe; 1% risk of failure)
Press: ? - help, Shift-Dir - straight line, f - endoplasm
Aim: an endoplasm (asleep, 100% to hit)
The blast of sand hits the endoplasm!
You kill the endoplasm!
An ogre comes into view. It is wielding a +0 giant club.
The ogre shouts!
The ogre hits you with a +0 giant club!!
Ouch! That really hurt!
* * * LOW HITPOINT WARNING * * *
Casting: Sandblast (safe; 1% risk of failure)
Confirm with . or Enter, or press ? or * to list all spells.
Aiming: Sandblast (safe; 1% risk of failure)
Press: ? - help, Shift-Dir - straight line, f - ogre
Aim: an ogre, wielding a +0 giant club (91% to hit)
The blast of sand hits the ogre!
The ogre is moderately wounded.
Casting: Sandblast (safe; 1% risk of failure)
Confirm with . or Enter, or press ? or * to list all spells.
Aiming: Sandblast (safe; 1% risk of failure)
Press: ? - help, Shift-Dir - straight line, f/p - ogre
Aim: an ogre, wielding a +0 giant club (moderately wounded, 91% to hit)
The blast of sand hits the ogre!
The ogre is severely wounded.
The ogre hits you with a +0 giant club!!
Ouch! That really hurt!
You die...

Skill      XL: |  1  2  3  4  5 |
---------------+----------------+-----
Earth Magic    | 5 7 8 |  8.4
Dodging        | |  2.1
Stealth        | |  2.4
Spellcasting   | |  1.7
Transmutations | |  0.8

Action                   |  1- 3 |  4- 6 || total
-------------------------+-------+-------++-------
Melee: Unarmed           |    29 |       ||    29
       Dagger            |     2 |     3 ||     5
Throw: Dart              |     1 |       ||     1
 Cast: Sandblast         |    35 |    25 ||    60
       Passwall          |     6 |       ||     6
 Abil: Heal Wounds       |     1 |       ||     1
 Stab: Sleeping          |     2 |       ||     2
Armor: Robe              |     6 |     3 ||     9
Dodge: Dodged            |    19 |     3 ||    22

Levels and vault maps discovered:
D:1:      ldierk_water_garden, layout_basic, shapermc_ecumenical_altar_ellora
D:2:      layout_loops_ring, kennysheep_nub
D:3:      layout_loops_corners

Notes
Turn   | Place    | Note
-------+----------+-------------------------------------------
     0 | D:1      | Irenicus the Deep Dwarf Earth Elementalist began the quest
                  | for the Orb.
     0 | D:1      | Reached XP level 1. HP: 15/15 MP: 3/3
    73 | D:1      | Reached XP level 2. HP: 13/22 MP: 0/4
   133 | D:1      | Reached skill level 5 in Earth Magic
   311 | D:1      | Found a faded altar of an unknown god.
   435 | D:1      | Learned a level 2 spell: Passwall
   494 | D:1      | Reached XP level 3. HP: 28/28 MP: 3/5
   724 | D:2      | Reached skill level 6 in Earth Magic
   816 | D:2      | Noticed a necrophage
   820 | D:2      | Killed a necrophage
   821 | D:2      | Reached skill level 7 in Earth Magic
   821 | D:2      | Reached XP level 4. HP: 32/36 MP: 2/6
   855 | D:2      | Reached XP level 5. HP: 37/42 MP: 3/7
   953 | D:2      | Reached skill level 8 in Earth Magic
  1220 | D:3      | Noticed an ogre
  1226 | D:3      | Mangled by an ogre

Vanquished Creatures
  A necrophage (D:2)
  An orc priest (D:2)
  An orc wizard (D:2)
  An adder (D:2)
  5 dart slugs
  3 orcs (D:2)
  5 ball pythons
  A bat (D:1)
  5 endoplasms
  3 giant cockroaches
  3 goblins
  7 hobgoblins
  5 jackals (D:1)
  A quokka (D:1)
  3 frilled lizards
  4 kobolds
  A rat (D:2)
  2 toadstools (D:1)
52 creatures vanquished.

Vanquished Creatures (others)
  A fungus (D:1)
  2 toadstools (D:1)
3 creatures vanquished.

Grand Total: 55 creatures vanquished

Table legend: (Time is in decaauts)
 A = Elapsed time spent in this place.
 B = Non-inter-level travel time spent in this place.
 C = Inter-level travel time spent in this place.
 D = Time resting spent in this place.
 E = Time spent auto-exploring this place.
 F = Levels seen in this place.
 G = Mean time per level.
                   A        B        C        D        E       F      G
               +--------+--------+--------+--------+--------+-----+--------+
         Total |   1225 |   1201 |     24 |      0 |      0 |   3 |  408.3 |
       Dungeon |   1225 |   1201 |     24 |      0 |      0 |   3 |  408.3 |
               +--------+--------+--------+--------+--------+-----+--------+

Top non-repeatable levels by time:
     D:1: 643 daAuts
     D:2: 466 daAuts
     D:3: 115 daAuts

Table legend:
 A = Non-vault XP
 B = Vault XP
 C = Vault XP percentage of total XP
 D = Non-vault monster count
 E = Vault monster count
 F = Vault count percentage of total count
                 A         B        C        D         E       F
            +---------+---------+-------+---------+---------+-------
      Total |     303 |       0 |   0.0 |      50 |       0 |   0.0
            +---------+---------+-------+---------+---------+-------
        D:1 |      50 |       0 |   0.0 |      25 |       0 |   0.0
        D:2 |     249 |       0 |   0.0 |      22 |       0 |   0.0
        D:3 |       4 |       0 |   0.0 |       3 |       0 |   0.0
            +---------+---------+-------+---------+---------+-------
